 Dungeon Crawl Stone Soup version 0.30.1-4-g462c640d31 (webtiles) character file.

Game seed: 17337206101432294741

17280 Zeor the Black Sun (level 12, -12/66 (89) HPs)
             Began as a Demonspawn Monk on Sept 10, 2023.
             Was a High Priest of Kikubaaqudgha.
             Mangled by a spectral orc warlord
             ... wielding a +3 long sword
             ... summoned by Nergalle
              (14 damage)
             ... on level 3 of the Lair of Beasts.
             The game lasted 00:54:53 (9742 turns).

Zeor the Black Sun (Demonspawn Monk)                Turns: 9742, Time: 00:54:54

HP:   -12/66 (89)   AC: 13    Str: 11    XL:     12   Next: 17%
MP:   18/25         EV: 18    Int: 16    God:    Kikubaaqudgha [*****.]
Gold: 705           SH:  0    Dex: 21    Spells: 9/29 levels left

rFire   . . .        t - +5 rapier (flame)
rCold   . . .        d - orb {light}
rNeg    + . .        C - +2 robe {rN+}
rPois   .            y - +1 hat
rElec   .            v - +1 cloak
rCorr   .            g - +1 pair of gloves
SInv    .            (no boots)
Will    +....        w - amulet "Coorusaa" {Acrobat Dex+4}
Stlth   +            o - +4 ring of protection
HPRegen 0.31/turn    k - ring of willpower
MPRegen 0.19/turn

%: acrobat
@: mighty, glowing, very heavily drained
A: hooves 1, foul stench 2, powered by death 2
a: Renounce Religion, Unearth Wretches, Torment


You were on level 3 of the Lair of Beasts.
You worshipped Kikubaaqudgha.
Kikubaaqudgha was extremely pleased with you.
You visited 3 branches of the dungeon, and saw 12 of its levels.

You collected 705 gold pieces.

Inventory:

Hand Weapons
 b - a +0 long sword
 t - a +5 rapier of flaming (weapon)
Missiles
 a - a curare-tipped dart (quivered)
 h - 2 atropa-tipped darts
 G - a throwing net
Armour
 d - an orb of light (worn)
 g - a +1 pair of gloves (worn)
 v - a +1 cloak (worn)
 y - a +1 hat (worn)
 C - a +2 robe of positive energy (worn)
Magical Staves
 j - a staff of fire
Jewellery
 k - a ring of willpower (right hand)
 o - a +4 ring of protection (left hand)
 w - the amulet "Coorusaa" (around neck) {Acrobat Dex+4}
   (You acquired it on level 5 of the Dungeon)

   [amulet of the acrobat]

   It increases your evasion while moving and waiting.
   Dex:       It affects your dexterity (+4).
 F - a ring of willpower
Wands
 f - a wand of mindburst (11)
 z - a wand of paralysis (13)
 B - a wand of polymorph (10)
Scrolls
 l - 3 scrolls of immolation
 p - 6 scrolls of enchant weapon
 r - 4 scrolls of blinking
 s - a scroll of vulnerability
 u - 2 scrolls of identify
 D - a scroll of fear
 E - a scroll of teleportation
Potions
 c - a potion of ambrosia
 e - 3 potions of curing
 i - 2 potions of attraction
 m - 5 potions of flight
 q - a potion of berserk rage
 A - 2 potions of brilliance


   Skills:
 + Level 6.8 Fighting
 * Level 8.1 Long Blades
 + Level 3.7 Armour
 * Level 9.0 Dodging
 + Level 9.0 Spellcasting
 + Level 0.3 Conjurations
 * Level 9.1 Necromancy
 + Level 2.2 Translocations
 * Level 4.1 Air Magic
 + Level 0.4 Evocations


You had 9 spell levels left.
You knew the following spells:

 Your Spells              Type           Power      Damage    Failure   Level
a - Airstrike             Air            10%        2d(2-18)  19%         4
c - Vhi's Electric Charg  Tloc/Air       34%        N/A       9%          3
d - Dispel Undead         Necr           36%        3d15      2%          4
k - Kiss of Death         Conj/Necr      88%        2d12      1%          1
n - Necrotise             Necr           100%       1d9       1%          1
v - Vampiric Draining     Necr           36%        2d8       1%          3
A - Animate Dead          Necr           36%        N/A       2%          4

Your spell library contained the following spells:

 Spells                   Type           Power      Damage    Failure   Level
 Sublimation of Blood     Necr           36%        N/A       1%          2
 Blink                    Tloc           28%        N/A       6%          2
 Poisonous Vapours        Pois/Air       26%        N/A       6%          2
 Static Discharge         Conj/Air       28%        2-4/arc   6%          2
 Agony                    Necr           36%        N/A       7%          5
 Magic Dart               Conj           32%        1d4       9%          1
 Freeze                   Ice            28%        1d5       10%         1
 Slow                     Hex            28%        N/A       10%         1
 Call Imp                 Summ           14%        N/A       16%         2
 Wereblood                Tmut           7%         N/A       16%         2
 Mephitic Cloud           Conj/Pois/Air  12%        N/A       16%         3
 Hailstorm                Conj/Ice       7%         3d4       28%         3
 Confusing Touch          Hex            7%         N/A       30%         3
 Frozen Ramparts          Ice            14%        1d3       30%         3
 Ozocubu's Armour         Ice            7%         N/A       30%         3
 Manifold Assault         Tloc           14%        N/A       36%         4
 Summon Lightning Spire   Summ/Air       13%        N/A       38%         4
 Borgnjor's Vile Clutch   Necr/Erth      10%        N/A       38%         5
 Animate Armour           Summ/Erth      14%        N/A       69%         4
 Petrify                  Tmut/Erth      7%         N/A       69%         4
 Arcjolt                  Conj/Air       7%         1d17      73%         5
 Freezing Cloud           Conj/Ice/Air   6%         6-21      83%         5
 Simulacrum               Ice/Necr       10%        N/A       93%         6
 Blade Hands              Tmut           3%         N/A       95%         5
 Metabolic Englaciation   Hex/Ice        3%         N/A       95%         5
 Iron Shot                Conj/Erth      3%         9d2       100%        6
 Plasma Beam              Fire/Air       6%         2x1d18    100%        6
 Statue Form              Tmut/Erth      4%         N/A       100%        6
 Ozocubu's Refrigeration  Ice            3%         4d8       100%        7
 Storm Form               Tmut/Air       6%         N/A       100%        7
 Summon Hydra             Summ           3%         N/A       100%        7
 Maxwell's Capacitive Co  Air            10%        ∞         100%        8


Dungeon Overview and Level Annotations

Branches:
Dungeon (8/15)             Temple (1/1) D:4            Lair (3/5) D:8
 Shoals (0/4) Lair:3        Snake (0/4) Lair:2

Altars:
Ashenzari
Cheibriados
Dithmenos
Fedhas
Hepliaklqana
Kikubaaqudgha
Makhleb
Nemelex Xobeh
Qazlal
Ru
Trog
Uskayaw
Xom

Shops:
D:4 :*   D:6 [

Annotations:
D:2 1 runed translucent door, Crazy Yiuf
D:6 3 runed translucent doors, Esekla's ghost, novice DEWn; TheGhostDragon953's ghost, novice MiBe; WaxSun's ghost, weakling HuDe; Wiggles's ghost, novice MiBe
Lair:3 3 runed translucent doors, Nergalle; Rem's ghost, journeyman OpTm


Innate Abilities, Weirdness & Mutations

You have large cloven feet.
You sometimes emit foul miasma when damaged in melee.
You regenerate health from kills.


Message History

Nergalle is severely wounded.
You feel sick.
A nearby plant withers and dies.
The cane toad is no longer moving slowly.
The blink frog is engulfed in poison gas.
The blink frog is poisoned.
The blink frog blinks!
The blink frog hits you but does no damage.
The spectral orc warlord hits you with a +3 long sword!!
* * * LOW HITPOINT WARNING * * *
The blink frog is engulfed in poison gas.
The blink frog looks even sicker.
The blink frog blinks!
The blink frog is engulfed in dark miasma.
The blink frog is poisoned.
The blink frog blinks!
The blink frog is engulfed in poison gas.
The blink frog looks even sicker.
The cane toad barely misses you. The cane toad stings you.
* * * LOW HITPOINT WARNING * * *
You are lethally poisoned!
The cane toad poisons you!
You emit a cloud of foul miasma!
Your hog zombie bites the cane toad but does no damage.
The blink frog is engulfed in poison gas.
The blink frog looks even sicker.
Nergalle hits you with a +1 dagger of draining.
* * * LOW HITPOINT WARNING * * *
You partially resist.
You feel drained.
You emit a cloud of foul miasma!
Your hog zombie bites the cane toad but does no damage.
The blink frog hits you.
* * * LOW HITPOINT WARNING * * *
You feel better.
The blink frog looks as sick as possible!
The blink frog is engulfed in poison gas.
The blink frog looks even sicker.
The blink frog is engulfed in poison gas.
The blink frog looks as sick as possible!
The blink frog blinks!
The cane toad is engulfed in dark miasma.
The cane toad looks even sicker.
The cane toad stings you!
* * * LOW HITPOINT WARNING * * *
The spectral orc warlord hits you with a +3 long sword!
You die...
Kikubaaqudgha rasps: "You have failed me!
Welcome... death!"

hF▒∙∙∙~≈≈▒▒~∙∙∙∙∙∙∙∙∙∙
?F▒∙∙∙~~≈≈~###∙#####▒
?w▒∙∙∙Z∙∙∙∙∙##▒▒####▒▒▒
?l▒∙∙∙∙∙∙∙∙∙∙##▒####▒#▒▒
∙∙▒∙[∙∙∙∙∙▒▒▒▒##########
∙∙▒∙∙∙∙∙∙Z▒#####F#######
▒▒▒∙∙∙∙∙∙###############
∙∙∙∙∙∙∙∙∙▒▒▒##Z##Z######
∙∙∙∙∙∙∙∙∙▒ ▒▒▒ZF6F∙#####
∙∙∙∙▒▒∙∙∙▒ ▒#FFo######
∙∙∙▒▒▒∙)∙▒▒ ▒###Z#F#####
∙∙∙∙▒▒∙∙∙∙∙ ▒P##########
∙∙∙▒▒▒∙∙∙∙∙########∙####
∙∙∙▒▒∙∙∙∙∙#▒▒#####F#####
∙∙∙∙∙∙∙∙∙#∙∙########F###
∙∙∙∙∙∙∙≈##≈≈############
≈∙∙∙∙∙∙≈#≈▒ ≈∙


You could see Nergalle (drained, ally target), a spectral orc warrior
(summoned), a spectral orc warlord (summoned), 3 cane toads, 5 blink frogs, 2
friendly hog zombies and the friendly Kirke the human zombie.

Vanquished Creatures
  Kirke (Lair:3)
  5 elephants (Lair:3)
  A merfolk siren (Lair:3)
  3 black mambas (Lair:2)
  A rime drake (Lair:3)
  2 cane toads
  A hornet (D:7)
  Prince Ribbit (D:6)
  4 blink frogs (Lair:1)
  2 wyverns (D:7)
  8 yaks
  3 hogs (Lair:3)
  Eustachio (D:5)
  A basilisk (Lair:1)
  A steam dragon (Lair:2)
  6 water moccasins
  A sky beast (D:7)
  An ogre (D:5)
  4 centaurs
  A phantom (D:5)
  A kobold brigand (D:8)
  4 bullfrogs
  A scorpion (D:4)
  2 killer bees (D:8)
  2 electric eels (D:8)
  2 howler monkeys (D:8)
  2 lava snakes (Lair:3)
  2 jellies
  An orc priest (D:6)
  2 hounds
  4 iguanas
  5 orc wizards
  Terence (D:2)
  4 adders
  2 worms
  2 dart slugs
  15 orcs
  3 endoplasms
  6 giant cockroaches
  6 goblins
  6 hobgoblins
  7 jackals
  5 quokkas
  4 ball pythons
  5 bats
  3 frilled lizards
  8 kobolds
  7 rats
160 creatures vanquished.

Vanquished Creatures (collateral kills)
  A hydra (Lair:2)
  A catoblepas (Lair:3)
  2 merfolk sirens (Lair:3)
  A cane toad (Lair:2)
  2 komodo dragons (Lair:1)
  A merfolk (Lair:3)
  A wyvern (Lair:2)
  9 yaks
  A steam dragon (Lair:1)
  A basilisk (Lair:2)
  2 hogs (Lair:3)
  9 water moccasins
  An ice beast (D:7)
  3 wolves (Lair:1)
  A bullfrog (Lair:3)
  3 wights (D:7)
  3 killer bees (D:8)
  An electric eel (D:8)
  A hound (D:7)
  An iguana (D:7)
  An orc (D:7)
  A kobold (D:8)
47 creatures vanquished.

Vanquished Creatures (others)
  3 elephant zombies (Lair:3)
  A blink frog zombie (Lair:1)
  A hog zombie (Lair:3)
  2 water moccasin zombies
  A yak zombie (Lair:2)
  A hound zombie (D:7)
  An iguana zombie (D:7)
  3 kobold zombies (D:8)
  An orc zombie (D:7)
14 creatures vanquished.

Grand Total: 221 creatures vanquished

Notes
Turn   | Place    | Note
-------+----------+-------------------------------------------
     0 | D:1      | Zeor the Demonspawn Monk began the quest for the Orb.
     0 | D:1      | Reached XP level 1. HP: 18/18 MP: 1/1
   173 | D:1      | Gained mutation: You have large cloven feet. [demonic
                  | ancestry]
   173 | D:1      | Reached XP level 2. HP: 23/24 MP: 2/2
   729 | D:2      | Reached XP level 3. HP: 22/29 MP: 3/3
   806 | D:2      | Found a faded altar of an unknown god.
   947 | D:2      | Learned a level 1 spell: Necrotise
   947 | D:2      | Noticed Terence
   954 | D:2      | Killed Terence
  1061 | D:2      | Gained mutation: You regenerate a little health from kills.
                  | [demonic ancestry]
  1061 | D:2      | Reached XP level 4. HP: 33/37 MP: 4/4
  1075 | D:2      | Found a runed translucent door.
  1076 | D:2      | Noticed Crazy Yiuf
  2596 | D:4      | Found a shimmering altar of Xom.
  2741 | D:4      | Found Wiuheq's Book Shoppe.
  2815 | D:4      | Found a staircase to the Ecumenical Temple.
  2821 | Temple   | Entered the Ecumenical Temple
  2982 | Temple   | Became a worshipper of Kikubaaqudgha
  2982 | Temple   | Reached * piety under Kikubaaqudgha
  2982 | Temple   | Received a gift from Kikubaaqudgha
  2982 | Temple   | Reached ** piety under Kikubaaqudgha
  2985 | Temple   | Learned a level 1 spell: Kiss of Death
  3095 | D:4      | Noticed a scorpion
  3102 | D:4      | Killed a scorpion
  3103 | D:4      | Reached XP level 5. HP: 35/40 MP: 2/6
  3159 | D:4      | Found Weretwoq's Gadget Gallery.
  3164 | D:4      | Reached skill level 1 in Necromancy
  3325 | D:5      | Entered Level 5 of the Dungeon
  3348 | D:5      | Learned a level 3 spell: Vampiric Draining
  3426 | D:5      | Noticed Eustachio
  3449 | D:5      | Killed Eustachio
  3450 | D:5      | Reached skill level 1 in Spellcasting
  3450 | D:5      | Gained mutation: You regenerate health from kills. [demonic
                  | ancestry]
  3450 | D:5      | Reached XP level 6. HP: 8/48 MP: 1/8
  3616 | D:5      | Reached skill level 5 in Long Blades
  3681 | D:5      | You fall into a shaft and drop 1 floor!
  3841 | D:5      | Found a sacrificial altar of Ru.
  3964 | D:5      | Identified a scroll of acquirement
  3964 | D:5      | Acquired the amulet "Coorusaa" {Acrobat Dex+4}
  3968 | D:5      | Gained mutation: You may rarely emit foul miasma when
                  | damaged in melee. [demonic ancestry]
  3968 | D:5      | Reached XP level 7. HP: 53/54 MP: 10/10
  4315 | D:6      | Found Hadad's Dragon-Slaying Spoils.
  4402 | D:6      | Found a runed translucent gate.
  4402 | D:6      | Found a runed translucent gate.
  4402 | D:6      | Found a runed translucent gate.
  4403 | D:6      | Noticed Wiggles's ghost (novice MiBe)
  4403 | D:6      | Noticed TheGhostDragon953's ghost (novice MiBe)
  4403 | D:6      | Noticed Wiggles's ghost (novice MiBe)
  4404 | D:6      | Noticed Esekla's ghost (novice DEWn)
  4404 | D:6      | Noticed WaxSun's ghost (weakling HuDe)
  4441 | D:6      | Noticed Prince Ribbit
  4448 | D:6      | Killed Prince Ribbit
  4460 | D:6      | Reached XP level 8. HP: 41/61 MP: 3/13
  4601 | D:6      | Found a snail-covered altar of Cheibriados.
  4773 | D:7      | Learned a level 4 spell: Animate Dead
  4794 | D:7      | Noticed a hornet
  4813 | D:7      | Reached *** piety under Kikubaaqudgha
  4813 | D:7      | Received a gift from Kikubaaqudgha
  4822 | D:7      | Learned a level 4 spell: Dispel Undead
  4906 | D:7      | Reached skill level 5 in Dodging
  4912 | D:7      | Reached skill level 5 in Necromancy
  5032 | D:7      | Killed a hornet
  5033 | D:7      | Reached skill level 5 in Spellcasting
  5033 | D:7      | Reached XP level 9. HP: 55/66 MP: 13/16
  5497 | D:8      | Reached skill level 1 in Armour
  5500 | D:8      | Reached skill level 5 in Fighting
  6023 | D:8      | Noticed a death yak
  6029 | D:8      | Noticed a death yak
  6200 | D:8      | Found a staircase to the Lair.
  6243 | Lair:1   | Entered Level 1 of the Lair of Beasts
  6245 | D:8      | Noticed a death yak
  6246 | D:8      | Noticed a death yak
  6248 | Lair:1   | Noticed a komodo dragon
  6263 | Lair:1   | Killed a komodo dragon
  6480 | Lair:1   | Noticed a komodo dragon
  6489 | Lair:1   | Killed a komodo dragon
  6490 | Lair:1   | Reached XP level 10. HP: 30/74 MP: 15/19
  6635 | Lair:1   | Learned a level 3 spell: Vhi's Electric Charge
  6667 | Lair:1   | Reached skill level 1 in Air Magic
  7028 | Lair:2   | Noticed a black mamba
  7036 | Lair:2   | Killed a black mamba
  7039 | Lair:2   | Reached **** piety under Kikubaaqudgha
  7041 | Lair:2   | Noticed a cane toad
  7049 | Lair:2   | Killed a cane toad
  7063 | Lair:2   | Noticed a six-headed hydra
  7069 | Lair:2   | Killed a six-headed hydra
  7076 | Lair:2   | Reached XP level 11. HP: 9/81 MP: 13/22
  7909 | Lair:2   | Found a staircase to the Snake Pit.
  7939 | Lair:2   | Reached skill level 1 in Translocations
  8634 | Lair:3   | Found a runed translucent gate.
  8635 | Lair:3   | Noticed Rem's ghost (journeyman OpTm)
  8644 | Lair:3   | Noticed a skyshark
  8820 | Lair:3   | Noticed a catoblepas
  8832 | Lair:3   | Killed a catoblepas
  9007 | Lair:3   | Learned a level 4 spell: Airstrike
  9180 | Lair:3   | Found a staircase to the Shoals.
  9205 | Lair:3   | Reached ***** piety under Kikubaaqudgha
  9206 | Lair:3   | Gained mutation: You sometimes emit foul miasma when
                  | damaged in melee. [demonic ancestry]
  9206 | Lair:3   | Reached XP level 12. HP: 59/89 MP: 19/24
  9297 | Lair:3   | Noticed Kirke
  9317 | Lair:3   | Found a runed translucent gate.
  9317 | Lair:3   | Found a runed translucent gate.
  9592 | Lair:3   | Killed Kirke
  9732 | Lair:3   | Noticed Nergalle
  9742 | Lair:3   | HP: 2/66 [cane toad (16)]
  9742 | Lair:3   | Mangled by a spectral orc warlord

Illustrated notes

Levels and vault maps discovered:
D:1:      lightli_arrival_maybe_door_vault, layout_basic, minmay_tetromino_t4
D:2:      layout_loops_ring, hellmonk_ecumenical_altar_blasted, uniq_terence,
          uniq_crazy_yiuf_cottage
D:3:      layout_loops_corners, serial_forest, infiniplex_forest_zigzag_2,
          infiniplex_forest_clump_diagonal, infiniplex_forest_lined_3,
          infiniplex_forest_straight_3, infiniplex_forest_lined_ring,
          infiniplex_forest_diagonal, infiniplex_forest_zigzag_1, st_stairs_13,
          minivault_11, corexii_leaking_fountain
D:4:      layout_cave_pools, mainiacjoe_overflow_cross_hatched,
          minmay_temple_entry_hall, serial_shops, nicolae_shop_behind_doors,
          minmay_stone_trees_small, nicolae_shop_gadgets
D:5:      lemuel_ice_spiral_2, layout_basic, nicolae_ru_the_path_less_chosen,
          minmay_increasing_density, uniq_eustachio
D:6:      layout_rooms, mainiacjoe_overflow_small_starburst,
          gammafunk_ghost_cemetery, nicolae_shop_dragon_depot,
          uniq_prince_ribbit1
D:7:      layout_gridville, serial_park_tiny_pond
D:8:      layout_basic, dpeg_lair_monsters, kennysheep_diamond, chequers_jeans,
          serial_bayou_lake_a
Temple:   hellmonk_temple_flake
Lair:1:   layout_chaotic_city
Lair:2:   layout_hall_layers, minmay_snake_entry_six_corridors, serial_forest,
          infiniplex_forest_end_3, infiniplex_forest_clump_tiny,
          infiniplex_forest_lined_corner, infiniplex_forest_lined_3,
          infiniplex_forest_clump_diagonal, infiniplex_forest_lined_3_way,
          infiniplex_forest_straight_3, infiniplex_forest_straight_2
Lair:3:   layout_gridlike, elwin_shoals_entry_stream, gammafunk_ghost_split,
          nicolae_quartered_pool_impasse, uniq_nergalle, uniq_kirke

Skill      XL: |  1  2  3  4  5  6  7  8  9 10 11 12 |
---------------+-------------------------------------+-----
Long Blades    | 3 4 5 6 7 8 |  8.1
Dodging        | 3 4 5 6 7 8 9 |  9.0
Necromancy     | 1 2 4 5 7 8 9 |  9.1
Fighting       | 4 5 6 |  6.8
Spellcasting   | 1 2 3 5 6 7 8 9 |  9.0
Armour         | 2 3 |  3.7
Air Magic      | 2 3 4 |  4.1
Translocations | 2 |  2.2
Conjurations   | |  0.3
Evocations     | |  0.4

Action                     |  1- 3 |  4- 6 |  7- 9 | 10-12 || total
---------------------------+-------+-------+-------+-------++-------
  Melee: Falchion          |    80 |    79 |       |       ||   159
         Kick              |    15 |    27 |    60 |   119 ||   221
         Rapier            |       |    22 |   150 |   214 ||   386
   Cast: Necrotise         |       |    16 |    12 |     3 ||    31
         Kiss of Death     |       |     2 |     3 |     7 ||    12
         Vampiric Draining |       |     1 |     5 |       ||     6
         Animate Dead      |       |       |     6 |     5 ||    11
         Vhi's Electric Ch |       |       |       |    19 ||    19
         Airstrike         |       |       |       |     4 ||     4
  Evoke: Wand              |       |       |       |     2 ||     2
    Use: Scroll            |     5 |    11 |     5 |     3 ||    24
         Potion            |       |       |     4 |     6 ||    10
   Stab: Distracted        |       |       |     1 |     8 ||     9
 Armour: Robe              |    18 |    27 |    18 |    57 ||   120
         Leather armour    |       |       |    38 |    15 ||    53
  Dodge: Dodged            |    58 |    59 |   173 |   218 ||   508
